 Dungeon Crawl Stone Soup version 0.31-a0-145-g046c7d2549 (webtiles) character file.

Game seed: 14932232453598368995

903 Gargoyl the Chopper (level 8, -6/48 HPs)
             Began as a Gargoyle Berserker on June 7, 2023.
             Was a Priest of Trog.
             Splashed by a jelly's acid (8 damage)
             ... on level 5 of the Dungeon.
             The game lasted 00:05:50 (4495 turns).

Gargoyl the Chopper (Gargoyle Berserker)            Turns: 4495, Time: 00:05:50

Health: -6/48      AC: -3    Str: 20    XL:     8   Next: 7%
Magic:  8/8        EV: 10    Int:  9    God:    Trog [***...]
Gold:   118        SH:  6    Dex: 11    Spells: 7/7 levels left

rFire   . . .        a - +1 hand axe
rCold   . . .        j - +2 buckler
rNeg    + . .        h - +0 scale mail
rPois   ∞            (no helmet)
rElec   +            (no cloak)
rCorr   .            (no gloves)
SInv    .            (no boots)
Will    ++...        (no amulet) Stlth
                     (no ring)
HPRegen 1.28/turn    (no ring)
MPRegen 0.11/turn

%: no passive effects
@: mighty, strong-willed, corroded, on berserk cooldown, regenerating, slowed,
very slow
A: sickness immunity, AC +5, negative energy resistance 1, electricity
resistance, torment resistance 1, petrification resistance
a: Renounce Religion, Berserk, Trog's Hand


You were on level 5 of the Dungeon.
You worshipped Trog.
Trog was most pleased with you.
You visited 1 branch of the dungeon, and saw 5 of its levels.
You also visited: Sewer.

You collected 118 gold pieces.

Inventory:

Hand Weapons
 a - a +1 hand axe (weapon)
 o - a +0 flail of holy wrath
Missiles
 f - 9 poisoned darts
 g - 2 curare-tipped darts (quivered)
Armour
 h - a +0 scale mail (worn)
 j - a +2 buckler (worn)
Scrolls
 m - a scroll of magic mapping
Potions
 c - a potion of curing
 i - 2 potions of mutation {unknown}
 k - 2 potions of resistance {unknown}
 l - 3 potions of brilliance
 n - a potion of invisibility {unknown}


   Skills:
 + Level 4.9 Fighting
 + Level 1.3 Short Blades
 * Level 6.2 Axes
 + Level 3.9 Armour
 * Level 3.3 Dodging
 + Level 1.9 Shields


You had 7 spell levels left.
You didn't know any spells.
Your spell library was empty.

Dungeon Overview and Level Annotations

Branches:
Dungeon (5/15)              Sewer (visited)
 Temple: D:4-7

Altars:
Ashenzari
Hepliaklqana
Okawaru
Ru
Sif Muna


Innate Abilities, Weirdness & Mutations

You are immune to sickness and miasma.
Your stone body is resilient. (AC +5)
You are immune to poison.
You resist negative energy. (rN+)
You are resistant to electric shocks. (rElec)
You are resistant to unholy torment.
You are immune to petrification.


Message History

The jelly hits you but does no damage. The jelly barely misses you.
Your skin crawls.
You feel strong-willed. The jelly hits you but does no damage.
You completely miss the jelly.
The jelly is heavily wounded.
The jelly hits you.
You are splashed with acid!
The jelly hits you but does no damage.
You feel much better. You block the jelly's attack.
Okay, then.
You feel very mighty all of a sudden. The jelly hits you.
The acid corrodes you!
You are splashed with acid!
You block the jelly's attack.
You hit the jelly.
Your hands burn!
The jelly is almost dead.
The jelly hits you. The acid corrodes you!
You are splashed with acid!
Unknown command.
You hit the jelly but do no damage.
Your hands burn!
* * * LOW HITPOINT WARNING * * *
The jelly is almost dead.
The jelly hits you.
* * * LOW HITPOINT WARNING * * *
You are splashed with acid!
* * * LOW HITPOINT WARNING * * *
The jelly barely misses you.
You feel better. The jelly closely misses you.
You feel better. The jelly hits you.
You are splashed with acid!
* * * LOW HITPOINT WARNING * * *
The jelly hits you.
* * * LOW HITPOINT WARNING * * *
You are splashed with acid.
* * * LOW HITPOINT WARNING * * *
Unknown command.
You hit the jelly. The acid corrodes you!
Your hands burn!
* * * LOW HITPOINT WARNING * * *
The jelly is almost dead.
The jelly hits you.
* * * LOW HITPOINT WARNING * * *
You are splashed with acid!
You die...

### #..
#.# #.#
#.# #.#
#J# #@#
#.#
#.######.
#...>....
#.######.#
#.†<<....#
#.######.#
#.# #.#


You could see a jelly.

Vanquished Creatures
  Grinder (D:3)
  Eustachio (D:4)
  An ice beast (D:5)
  A scorpion (D:4)
  A hound (D:4)
  4 jellies (Sewer)
  An iguana (D:4)
  3 gnolls (D:2)
  9 adders
  2 river rats (Sewer)
  2 ufetubi
  4 worms
  A dart slug (D:1)
  3 orcs
  9 ball pythons
  4 bats
  12 endoplasms
  11 giant cockroaches
  7 goblins
  4 hobgoblins
  6 jackals (D:3)
  3 kobolds
  4 quokkas
  4 frilled lizards
  11 rats
109 creatures vanquished.

Notes
Turn   | Place    | Note
-------+----------+-------------------------------------------
     0 | D:1      | Gargoyl the Gargoyle Berserker began the quest for the Orb.
     0 | D:1      | Reached XP level 1. HP: 14/14 MP: 1/1
   380 | D:1      | Reached XP level 2. HP: 19/19 MP: 2/2
   779 | D:1      | Reached skill level 3 in Axes
  1257 | D:2      | Reached XP level 3. HP: 13/24 MP: 3/3
  1373 | D:2      | Reached XP level 4. HP: 12/29 MP: 4/4
  1611 | D:2      | Reached ** piety under Trog
  1695 | D:2      | Identified the +1 robe of Kukloer {Harm}
  2367 | D:3      | Reached XP level 5. HP: 33/33 MP: 5/5
  2539 | D:3      | Found a glowing drain.
  2543 | Sewer    | Entered a sewer
  2552 | Sewer    | Reached skill level 1 in Short Blades
  2630 | Sewer    | Reached skill level 4 in Axes
  2681 | Sewer    | Reached *** piety under Trog
  3007 | Sewer    | Reached XP level 6. HP: 39/39 MP: 6/6
  3007 | Sewer    | Found a viscous altar of Jiyva.
  3369 | D:3      | Found a hazy altar of Hepliaklqana.
  3371 | D:3      | Found a sacrificial altar of Ru.
  3432 | D:3      | Found a broken altar of Ashenzari.
  3432 | D:3      | Found an iron altar of Okawaru.
  3439 | D:3      | Found a faded altar of an unknown god.
  3440 | D:3      | Noticed Grinder
  3444 | D:3      | Found a faded altar of an unknown god.
  3445 | D:3      | Found a shimmering blue altar of Sif Muna.
  3449 | D:3      | Killed Grinder
  3450 | D:3      | Reached skill level 5 in Axes
  3450 | D:3      | Reached skill level 1 in Shields
  3450 | D:3      | Reached XP level 7. HP: 44/44 MP: 7/7
  3877 | D:4      | Noticed Eustachio
  3891 | D:4      | Killed Eustachio
  4197 | D:4      | Reached skill level 6 in Axes
  4458 | D:5      | Entered Level 5 of the Dungeon
  4476 | D:5      | Reached XP level 8. HP: 48/48 MP: 8/8
  4492 | D:5      | HP: 2/48 [acid (9)]
  4495 | D:5      | Splashed by a jelly's acid

Illustrated notes

Levels and vault maps discovered:
D:1:      psy_arrival_radial01, layout_basic, minmay_ruptured
D:2:      layout_basic, chequers_arboretum, corexii_corridor_pit
D:3:      layout_loops_corners, chequers_temple_overflow_minitemple, minitemple,
          gup_sewer_entry_spiral, st_stairs_13, uniq_grinder
D:4:      layout_loops_ring, uniq_eustachio
D:5:      layout_loops_ring, minmay_temple_entry_enclosed_plants, serial_shops,
          nicolae_shop_industrial_runoff, uniq_duvessa, uniq_sigmund,
          uniq_crazy_yiuf_cottage

Skill      XL: |  1  2  3  4  5  6  7 |
---------------+----------------------+-----
Axes           | 3 4 5 6 |  6.2
Dodging        | 2 3 |  3.3
Fighting       | 4 |  4.9
Short Blades   | 1 |  1.3
Armour         | 3 |  3.9
Shields        | 1 |  1.9

Action                     |  1- 3 |  4- 6 |  7- 9 || total
---------------------------+-------+-------+-------++-------
  Melee: Hand axe          |    48 |    80 |   113 ||   241
         Dagger            |    34 |   145 |       ||   179
         Punch             |     1 |       |       ||     1
 Invoke: Berserk           |     3 |     6 |     3 ||    12
         Trog's Hand       |       |     1 |     2 ||     3
    Use: Scroll            |     4 |     2 |     4 ||    10
         Potion            |       |       |     4 ||     4
 Armour: Animal skin       |     3 |       |       ||     3
         Scale mail        |    18 |   100 |    44 ||   162
  Dodge: Dodged            |    46 |   126 |    57 ||   229
  Block: Buckler           |       |    42 |    29 ||    71

Table legend: (Time is in decaauts)
 A = Elapsed time spent in this place.
 B = Non-inter-level travel time spent in this place.
 C = Inter-level travel time spent in this place.
 D = Time resting spent in this place.
 E = Time spent auto-exploring this place.
 F = Levels seen in this place.
 G = Mean time per level.
                   A        B        C        D        E       F      G
               +--------+--------+--------+--------+--------+-----+--------+
         Total |   4696 |   4596 |    100 |    329 |   3164 |   6 |  782.7 |
       Dungeon |   3913 |   3813 |    100 |     99 |   2847 |   5 |  782.6 |
         Sewer |    783 |    783 |      0 |    230 |    317 |   1 |  783.0 |
               +--------+--------+--------+--------+--------+-----+--------+

Top non-repeatable levels by time:
     D:3: 1153 daAuts
     D:2: 1068 daAuts
     D:1: 961 daAuts
   Sewer: 783 daAuts
     D:4: 689 daAuts
     D:5: 39 daAuts
